 Dungeon Crawl Stone Soup version 0.26-a0-639-g72c4674329 (webtiles) character file.

Game seed: 7386401630081358068

23 vcxz the Skirmisher (level 2, -4/24 HPs)
             Began as a Demonspawn Abyssal Knight on Sept 28, 2020.
             Was a Follower of Lugonu.
             Engulfed by a cloud of flame (14 damage)
             ... on level 2 of the Dungeon.
             The game lasted 00:01:56 (952 turns).

vcxz the Skirmisher (Demonspawn Abyssal Knight)      Turns: 952, Time: 00:01:57

Health: -4/24      AC:  3    Str: 12    XL:     2   Next: 72%
Magic:  0/4        EV: 11    Int: 13    God:    Lugonu [*.....]
Gold:   89         SH:  0    Dex: 12    Spells: 1/1 levels left

rFire    . . .     SeeInvis .   a - +1 falchion
rCold    . . .     Faith    .   (no shield)
rNeg     . . .     Spirit   +   b - +0 leather armour
rPois    .         Reflect  .   (no helmet)
rElec    .         Harm     .   (no cloak)
rCorr    .         Rampage  .   (no gloves)
MR       .....                  (no boots)
Stlth    +.........             (no amulet)
HPRegen  0.08/turn              (no ring)
MPRegen  0.09/turn              (no ring)

@: no status effects
A: magic shield
a: Depart the Abyss, Renounce Religion


You were on level 2 of the Dungeon.
You worshipped Lugonu.
Lugonu was aware of your devotion.
You visited 1 branch of the dungeon, and saw 2 of its levels.
You visited the Abyss 1 time.

You collected 89 gold pieces.

Inventory:

Hand Weapons
 a - a +1 falchion (weapon)
 f - a +2 vorpal hand axe
Armour
 b - a +0 leather armour (worn)


   Skills:
 + Level 3.3 Fighting
 * Level 2.0 Long Blades
 + Level 2.3 Armour
 + Level 0.8 Dodging
 * Level 2.7 Invocations


You had one spell level left.
You didn't know any spells.
Your spell library was empty.

Dungeon Overview and Level Annotations

Branches:
Dungeon (2/15)

Altars:


Innate Abilities, Weirdness & Mutations

When hurt, damage is shared between your health and your magic reserves.


Message History

You hit the worm.
The worm is severely wounded.
Your surroundings suddenly seem different.
A goblin comes into view. It is wielding a +0 dagger.
The goblin shouts!
A frilled lizard comes into view.
The frilled lizard hisses angrily.
Found 18 bolts, a kite shield and a scroll labeled ZALUNIARHAO.
As you read the scroll labeled RIMYLU EHUEBE, it crumbles to dust.
The creatures around you are filled with an inner flame!
It was a scroll of immolation.
The goblin barely misses you.
You hit the goblin.
The goblin explodes!
The fiery explosion engulfs you!
Ouch! That really hurt!
Lugonu accepts your kill.
You are engulfed in blazing flames.
Ouch! That really hurt!
You die...

# ## #.##.
#....#######
##.(.....#
#.§@§l...#
#.§§§..[.#
.....§§....#
...........?...
.....######...#
..#.. ##..
..... ## #.#


You could see a frilled lizard (inner flame).

Vanquished Creatures
  2 dart slugs (D:1)
  A leopard gecko (D:1)
  A ball python (D:1)
  A giant cockroach (D:1)
  3 goblins
  2 hobgoblins (D:1)
  3 bats (D:1)
  3 frilled lizards (D:1)
  2 rats (D:1)
18 creatures vanquished.

Notes
Turn   | Place    | Note
-------+----------+-------------------------------------------
     0 | Abyss:1  | vcxz the Demonspawn Abyssal Knight began the quest for the
                  | Orb.
     0 | Abyss:1  | Reached XP level 1. HP: 18/18 MP: 2/2
    29 | D:1      | Escaped the Abyss
   271 | D:1      | Gained mutation: When hurt, damage is shared between your
                  | health and your magic reserves. [demonic ancestry]
   271 | D:1      | Reached XP level 2. HP: 24/24 MP: 3/3
   952 | D:2      | Engulfed by a cloud of flame

Illustrated notes

Levels and vault maps discovered:
D:1:      dpeg_arrival_snail, layout_basic
D:2:      layout_rooms, nicolae_overflow_hidden_temple

Skill      XL: |  1  2 |
---------------+-------+-----
Armour         | 2 |  2.3
Long Blades    | 2 |  2.0
Fighting       | |  3.3
Dodging        | |  0.8
Invocations    | |  2.7

Action                   || total
-------------------------++-------
Melee: Falchion          ||    40
  Use: Scroll            ||     3
Armor: Leather armour    ||     8
Dodge: Dodged            ||    21
       Rpst.: Falchion   ||     9

Table legend: (Time is in decaauts)
 A = Elapsed time spent in this place.
 B = Non-inter-level travel time spent in this place.
 C = Inter-level travel time spent in this place.
 D = Time resting spent in this place.
 E = Time spent auto-exploring this place.
 F = Levels seen in this place.
 G = Mean time per level.
                   A        B        C        D        E       F      G
               +--------+--------+--------+--------+--------+-----+--------+
         Total |    959 |    883 |     76 |      0 |    740 |   3 |  319.7 |
       Dungeon |    930 |    854 |     76 |      0 |    740 |   2 |  465.0 |
         Abyss |     29 |     29 |      0 |      0 |      0 |   1 |   29.0 |
               +--------+--------+--------+--------+--------+-----+--------+

Top non-repeatable levels by time:
     D:1: 923 daAuts
 Abyss:1: 29 daAuts
     D:2: 7 daAuts
